 Dungeon Crawl Stone Soup version 0.31-a0-1591-g515db51633 (webtiles) character file.

Game seed: 2815907831389163490

35 Descartes the Sneak (level 3, 0/18 HPs)
             Began as a Felid Shapeshifter on Jan 6, 2024.
             Was a Believer of Jiyva.
             Slain by a gnoll
             ... wielding a +0 halberd
             ... led by a gnoll bouda
              (7 damage)
             ... on level 2 of the Dungeon.
             The game lasted 00:01:22 (1422 turns).

Descartes the Sneak (Felid Shapeshifter)            Turns: 1422, Time: 00:01:22

Health: 0/18       AC:  1    Str: 12    XL:     3   Next: 16%
Magic:  4/4        EV: 17    Int: 13    God:    Jiyva [**....]
Gold:   60         SH:  0    Dex: 15    Spells: 2/2 levels left
                                        Lives:  0   Deaths: 1

rFire   . .          .
                       - Unarmed
rCold   . . .        (shield unavailable)
rNeg    . . .        (body armour unavailable)
rPois   .            (helmet unavailable)
rElec   .            (cloak unavailable)
rCorr   +            (gloves unavailable)
SInv    +            (boots unavailable)
Will    .....        (no amulet)
Stlth   +++          (no ring)
HPRegen 1.19/turn    (no ring)
MPRegen 0.57/turn

%: no passive effects
@: beast-form
A: beast (slay +1), very small, claws 1, fangs 3, see invisible, shaggy fur 1,
stealthy paws, no weapons or thrown items, no armour, multi-lived
a: Begin Untransformation, Renounce Religion


You were on level 2 of the Dungeon.
You worshipped Jiyva.
Jiyva was pleased with you.
You were a hulking beast.
You visited 1 branch of the dungeon, and saw 2 of its levels.

You collected 60 gold pieces.

Inventory:

Talismans
 b - a beast talisman
 c - a flux talisman
Scrolls
 d - 2 scrolls of teleportation {unknown}
 e - 3 scrolls of identify {unknown}
 f - a scroll of amnesia {unknown}
Potions
 a - a potion of lignification
 g - a potion of might {unknown}
 h - a potion of mutation {unknown}
 i - a potion of haste {unknown}


   Skills:
 - Level 1.0 Fighting
 - Level 2.6 Dodging
 + Level 4.3 Stealth
 - Level 3.0 Unarmed Combat
 - Level 2.6 Shapeshifting


You had 2 spell levels left.
You didn't know any spells.
Your spell library was empty.

Dungeon Overview and Level Annotations

Branches:
Dungeon (2/15)

Altars:
Jiyva


Innate Abilities, Weirdness & Mutations

You are a hulking beast.
Your limbs bulge with bestial killing power. (Slay +1)
You have sharp claws.
You have razor-sharp teeth.
You have supernaturally acute eyesight. (SInv)
You are covered in fur. (AC +1)
Your paws help you pounce on unaware monsters.
You are incapable of wielding weapons or throwing items.
You cannot wear armour.
You gain extra lives every three experience levels.


Message History

The gnoll is lightly wounded.
The gnoll barely misses you.
You scratch the gnoll but do no damage. Your bite misses the gnoll.
The gnoll is lightly wounded.
You closely miss the gnoll.
The gnoll is lightly wounded.
The gnoll hits you with a +0 halberd.
You scratch the gnoll but do no damage.
The gnoll is lightly wounded.
The gnoll closely misses you.
You scratch the gnoll but do no damage.
The gnoll is lightly wounded.
The gnoll closely misses you.
You scratch the gnoll.
The gnoll is lightly wounded.
The gnoll hits you with a +0 halberd!
Ouch! That really hurt!
* * * LOW HITPOINT WARNING * * *
You are too injured to fight recklessly!
You are too injured to fight recklessly!
You are too injured to fight recklessly!
You are too injured to fight recklessly!
You are too injured to fight recklessly!
You are too injured to fight recklessly!
You are too injured to fight recklessly!
You are too injured to fight recklessly!
You are too injured to fight recklessly!
You are too injured to fight recklessly!
You are too injured to fight recklessly!
You are too injured to fight recklessly!
You are too injured to fight recklessly!
Unknown command.
The gnoll barely misses you. The gnoll attacks as it pursues you!
The gnoll closely misses you. The gnoll attacks as it pursues you!
The gnoll hits you from afar with a +0 halberd.
* * * LOW HITPOINT WARNING * * *
The gnoll attacks as it pursues you!
The gnoll hits you from afar with a +0 halberd!
You die...

#.# #gg...#
####.####g....#
#.......†.....#
#........###### #........#
###### #........# #.....
####.######### #.....
#.#####...###########.....
#......g.h'...............
##...##...################
#...###### #.......†.
#...# ####)####### #...#
#........... #...#
#.........## #...#
#.........# #...#
#.........# #...#
####.#.####


You could see a gnoll.

Vanquished Creatures
  An adder (D:2)
  A ribbon worm (D:2)
  3 ball pythons
  3 bats
  An endoplasm (D:1)
  A giant cockroach (D:2)
  A hobgoblin (D:1)
  2 kobolds (D:2)
  2 quokkas (D:1)
  2 frilled lizards
  3 goblins
  A rat (D:1)
21 creatures vanquished.

Vanquished Creatures (others)
  A dart slug (D:2)
  2 endoplasms (D:2)
  A bat (D:2)
  A hobgoblin (D:1)
  3 kobolds
8 creatures vanquished.

Grand Total: 29 creatures vanquished

Notes
Turn   | Place    | Note
-------+----------+-------------------------------------------
     0 | D:1      | Descartes the Felid Shapeshifter began the quest for the
                  | Orb.
     0 | D:1      | Reached XP level 1. HP: 10/10 MP: 2/2
   166 | D:1      | Reached skill level 1 in Stealth
   225 | D:1      | Reached skill level 2 in Stealth
   259 | D:1      | Reached XP level 2. HP: 14/14 MP: 3/3
   292 | D:1      | Found a faded altar of an unknown god.
   300 | D:1      | Prayed at the altar of an unknown god.
   300 | D:1      | Became a worshipper of Jiyva Jedadeff the Shapeless
   300 | D:1      | Reached * piety under Jiyva
   558 | D:1      | Reached skill level 3 in Stealth
  1164 | D:2      | Reached ** piety under Jiyva
  1366 | D:2      | Reached skill level 4 in Stealth
  1366 | D:2      | Reached XP level 3. HP: 17/18 MP: 4/4
  1395 | D:2      | Slain by a gnoll
  1395 | D:2      | Lost a life (0 lives remaining)
  1422 | D:2      | Slain by a gnoll

Illustrated notes

Levels and vault maps discovered:
D:1:      saegor_arrival_fortress, layout_basic, shapermc_ecumenical_altar_venn,
          nrook_campfire
D:2:      layout_basic

Skill      XL: |  1  2 |
---------------+-------+-----
Stealth        | 2 4 |  4.3
Fighting       | |  1.0
Dodging        | |  2.6
Unarmed Combat | |  3.0
Shapeshifting  | |  2.6

Action                     || total
---------------------------++-------
  Melee: Unarmed           ||    73
         Bite              ||     4
         Punch             ||     2
   Stab: Sleeping          ||     1
 Armour: Skin              ||    23
  Dodge: Dodged            ||    80

Table legend: (Time is in decaauts)
 A = Elapsed time spent in this place.
 B = Non-inter-level travel time spent in this place.
 C = Inter-level travel time spent in this place.
 D = Time resting spent in this place.
 E = Time spent auto-exploring this place.
 F = Levels seen in this place.
 G = Mean time per level.
                   A        B        C        D        E       F      G
               +--------+--------+--------+--------+--------+-----+--------+
         Total |   1418 |   1354 |     64 |      0 |   1158 |   2 |  709.0 |
       Dungeon |   1418 |   1354 |     64 |      0 |   1158 |   2 |  709.0 |
               +--------+--------+--------+--------+--------+-----+--------+

Top non-repeatable levels by time:
     D:1: 1022 daAuts
     D:2: 395 daAuts
